 Dungeon Crawl Stone Soup version 0.27.1-4-g1640c2035a (webtiles) character file.

Game seed: 17313330666426436416

1346 raph the Student (level 8, 0/41 HPs)
             Began as a Deep Elf Venom Mage on Nov 17, 2021.
             Was a Follower of Sif Muna.
             Succumbed to a gnoll sergeant's poison
             ... on level 6 of the Dungeon.
             The game lasted 00:19:23 (10044 turns).

raph the Student (Deep Elf Venom Mage)             Turns: 10044, Time: 00:19:24

Health: 0/41       AC:  5    Str:  5    XL:     8   Next: 36%
Magic:  16/23      EV: 12    Int: 23    God:    Sif Muna [*.....]
Gold:   158        SH:  5    Dex: 15    Spells: 3/13 levels left

rFire    . . .     SeeInvis .   h - +0 long sword
rCold    . . .     Faith    .   n - +0 buckler
rNeg     . . .     Spirit   .   m - +1 animal skin
rPois    .         Reflect  .   l - +0 helmet
rElec    .         Harm     .   i - +0 cloak
rCorr    .         Rampage  .   (no gloves)
Will     .....                  (no boots)
Stlth    ++........             w - amulet of magic regeneration
HPRegen  0.13/turn              r - ring of magical power
MPRegen  0.43/turn              (no ring)

@: lethally poisoned (0 -> -25)
A: no striking features
a: Renounce Religion, Channel Magic


You were on level 6 of the Dungeon.
You worshipped Sif Muna.
Sif Muna was aware of your devotion.
You visited 1 branch of the dungeon, and saw 7 of its levels.

You collected 196 gold pieces.
You spent 38 gold pieces at shops.

Inventory:

Hand Weapons
 b - a +0 dagger
 h - a +0 long sword (weapon)
Armour
 a - a +0 robe
 c - a +0 leather armour
 i - a +0 cloak (worn)
 l - a +0 helmet (worn)
 m - a +1 animal skin (worn)
 n - a +0 buckler (worn)
 u - a +0 pair of gloves
Jewellery
 r - a ring of magical power (left hand)
 w - an amulet of magic regeneration (around neck)
 z - a ring of fire
Wands
 j - a wand of iceblast (13)
 k - a wand of flame (27)
 s - a wand of mindburst (11)
Scrolls
 y - 4 scrolls of fog
Potions
 d - 2 potions of haste
 e - 2 potions of attraction
 f - a potion of mutation {unknown}
 g - a potion of resistance
 o - a potion of berserk rage
 p - a potion of degeneration
 q - 2 potions of brilliance
 t - a potion of ambrosia
 v - 3 potions of might
 x - a potion of cancellation {unknown}


   Skills:
 - Level 2.4 Dodging
 - Level 2.4 Stealth
 - Level 4.0 Shields
 - Level 3.0 Spellcasting
 - Level 3.0 Conjurations
 - Level 1.1 Transmutations
 - Level 2.7 Air Magic
 - Level 6.3 Poison Magic
 + Level 6.4 Invocations


You had 3 spell levels left.
You knew the following spells:

 Your Spells              Type           Power      Damage    Failure   Level
a - Sting                 Tmut/Pois      80%        1d7       2%          1
b - Poisonous Vapours     Pois/Air       48%        N/A       2%          2
c - Mephitic Cloud        Conj/Pois/Air  21%        N/A       7%          3
d - Olgreb's Toxic Radia  Pois           32%        N/A       9%          4

Your spell library contained the following spells:

 Spells                   Type           Power      Damage    Failure   Level
 Wereblood                Tmut           8%         N/A       11%         2
 Sublimation of Blood     Necr           1%         N/A       17%         2
 Summon Hydra             Summ           1%         N/A       100%        7


Dungeon Overview and Level Annotations

Branches:
Dungeon (7/15)             Temple (0/1) D:6

Altars:
Ashenzari
Elyvilon
Hepliaklqana
Makhleb
Nemelex Xobeh
Sif Muna
Uskayaw
The Shining One

Shops:
D:3 *   D:4 :[[![

Annotations:
D:4 1 exclusion


Message History

Casting: Olgreb's Toxic Radiance (quite dangerous; 9% risk of failure)
Confirm with . or Enter, or press ? or * to list all spells.
Aiming: Poisonous Vapours (safe; 2% risk of failure)
Press: ? - help, Dir - move target, f - gnoll
Aim: a gnoll, wielding a +0 spear (wandering, hasn't noticed you) Poisonous vapours surround the gnoll!
The gnoll is poisoned.
Casting: Poisonous Vapours (safe; 2% risk of failure)
Confirm with . or Enter, or press ? or * to list all spells.
Aiming: Poisonous Vapours (safe; 2% risk of failure)
Press: ? - help, Dir - move target, f/p - gnoll
Aim: a gnoll, wielding a +0 spear (moderately wounded, very poisoned) Poisonous vapours surround the gnoll!
The gnoll looks as sick as possible!
Aiming: Sting (safe; 2% risk of failure)
Press: ? - help, Q - select action, (/) - cycle Shift-Dir - straight line, f/p - gnoll
Aim: a gnoll, wielding a +0 spear (severely wounded, extremely poisoned, 79% to hit)
The sting hits the gnoll.
The gnoll looks as sick as possible!
You kill the gnoll!
Sif Muna accepts your kill.
Aiming: Sting (safe; 2% risk of failure)
Press: ? - help, Q - select action, (/) - cycle Shift-Dir - straight line, f - you
Okay, then.
Aiming: Sting (safe; 2% risk of failure)
Press: ? - help, Q - select action, (/) - cycle Shift-Dir - straight line, f - gnoll sergeant
Aim: a gnoll sergeant, wielding a +6 spear of venom and wearing a +0 ring mail (heavily wounded, poisoned, 82% to hit)
The sting hits the gnoll sergeant but does no damage.
The gnoll sergeant looks even sicker.
The gnoll sergeant is heavily wounded.
The gnoll sergeant hits you from afar with a +6 spear of venom!
You are poisoned.
Aiming: Sting (safe; 2% risk of failure)
Press: ? - help, Q - select action, (/) - cycle Shift-Dir - straight line, f/p - gnoll sergeant
Aim: a gnoll sergeant, wielding a +6 spear of venom and wearing a +0 ring mail (heavily wounded, very poisoned, 82% to hit)
The sting misses the gnoll sergeant.
You feel very sick.
The gnoll sergeant hits you from afar with a +6 spear of venom!
* * * LOW HITPOINT WARNING * * *
You are more poisoned.
* * * LOW HITPOINT WARNING * * *
You feel extremely sick.
You die...

####..# #.# #...#.#####.
####.....# #.# #.....# ###.
.........# #.# #.##.####...
#'####.#.# #.#####.##.)?...##
#≈≈≈≈#.#.#######.......######..#
#≈>.≈#...........##.#### #..#
#≈⌠_≈#.....########...# #..#
#≈≈≈≈#..#g.##########.# #..#
######.....).g..@..##.#######..##
...........####.##.##.......<....
####.###.#.# #....##############
....## #...# #..##############
####.###..## #...............#
#..#.#..# ##.############.#
###.#####.# #.# #.# ##.#.# #.#
#.# #.# .....# #.# #.# #.#


You could see a gnoll sergeant (very poisoned) and a gnoll (wandering).

Vanquished Creatures
  Edmund (D:5)
  A necrophage (D:4)
  A black bear (D:6)
  An ice beast (D:5)
  2 ogres
  2 bullfrogs (D:7)
  A hound (D:5)
  2 jellies
  Crazy Yiuf (D:2)
  An orc priest (D:6)
  Jessica (D:3)
  3 iguanas (D:5)
  Natasha (thrice) (D:3)
  An orc wizard (D:5)
  Robin (D:2)
  A howler monkey zombie (D:5)
  7 gnolls
  4 adders
  2 worms (D:2)
  13 orcs
  8 ball pythons
  6 endoplasms
  5 giant cockroaches
  12 goblins
  12 hobgoblins
  13 jackals
  5 kobolds
  4 quokkas
  3 bats
  2 frilled lizards
  8 rats
127 creatures vanquished.

Vanquished Creatures (collateral kills)
  A phantom (D:6)
  A wyvern zombie (D:6)
2 creatures vanquished.

Vanquished Creatures (others)
  An adder skeleton (D:4)
  A ball python (D:4)
2 creatures vanquished.

Grand Total: 131 creatures vanquished

Notes
Turn   | Place    | Note
-------+----------+-------------------------------------------
     0 | D:1      | raph the Deep Elf Venom Mage began the quest for the Orb.
     0 | D:1      | Reached XP level 1. HP: 10/10 MP: 6/6
   376 | D:1      | Reached XP level 2. HP: 7/15 MP: 1/8
   621 | D:1      | Learned a level 2 spell: Poisonous Vapours
  1848 | D:1      | Found a faded altar of an unknown god.
  2122 | D:2      | Reached XP level 3. HP: 19/19 MP: 7/9
  2174 | D:2      | Found a runed translucent door.
  2175 | D:2      | Noticed Crazy Yiuf
  2201 | D:2      | Killed Crazy Yiuf
  2202 | D:2      | Reached skill level 5 in Poison Magic
  2619 | D:2      | Reached XP level 4. HP: 24/24 MP: 2/10
  2799 | D:2      | Learned a level 3 spell: Mephitic Cloud
  3097 | D:2      | Noticed Robin
  3100 | D:2      | Killed Robin
  3237 | D:2      | Reached skill level 1 in Conjurations
  3237 | D:2      | Reached skill level 1 in Air Magic
  3747 | D:2      | Reached XP level 5. HP: 28/28 MP: 7/11
  4043 | D:3      | Learned a level 4 spell: Olgreb's Toxic Radiance
  4102 | D:3      | Found a shimmering blue altar of Sif Muna.
  4128 | D:3      | Became a worshipper of Sif Muna the Loreminder
  4410 | D:3      | Noticed Natasha
  4416 | D:3      | Killed Natasha
  4605 | D:3      | Found Vafreux's Assorted Antiques.
  4713 | D:3      | Bought a viscous dark potion for 19 gold pieces
  4713 | D:3      | Bought a fuming orange potion for 19 gold pieces
  5313 | D:3      | Noticed Natasha
  5328 | D:3      | Killed Natasha
  5329 | D:3      | Reached skill level 1 in Shields
  5379 | D:3      | Found a hide-covered altar of Uskayaw.
  5389 | D:3      | Noticed Jessica
  5393 | D:3      | Killed Jessica
  5399 | D:3      | Noticed Natasha
  5405 | D:3      | Killed Natasha
  5708 | D:4      | Found Qythrara's Armour Shop.
  5756 | D:4      | Noticed an ogre
  5767 | D:4      | Killed an ogre
  5768 | D:4      | Reached XP level 6. HP: 32/32 MP: 10/12
  5842 | D:4      | Found Uschock's Distillery.
  6081 | D:4      | Found a broken altar of Ashenzari.
  6400 | D:4      | Found Taukef's Armour Boutique.
  6401 | D:4      | Found Boklemel's Armour Emporium.
  6419 | D:4      | Found a white marble altar of Elyvilon.
  6661 | D:4      | Found a hazy altar of Hepliaklqana.
  6758 | D:4      | Reached * piety under Sif Muna
  6894 | D:4      | Found a sparkling altar of Nemelex Xobeh.
  6927 | D:4      | Found Achephom's Book Shoppe.
  7066 | D:5      | Entered Level 5 of the Dungeon
  7112 | D:5      | Found a burning altar of Makhleb.
  7123 | D:5      | Reached XP level 7. HP: 31/36 MP: 10/13
  7257 | D:5      | Reached skill level 1 in Invocations
  7579 | D:5      | Noticed Edmund
  7594 | D:5      | Killed Edmund
  8854 | D:6      | Reached XP level 8. HP: 16/41 MP: 14/14
  9079 | D:6      | Found a staircase to the Ecumenical Temple.
  9108 | D:6      | Reached skill level 5 in Invocations
  9252 | D:6      | Found a glowing golden altar of the Shining One.
 10044 | D:6      | Succumbed to a gnoll sergeant's poison

Illustrated notes

Levels and vault maps discovered:
D:1:      co_arrival_square_in_a_square_in_a_square, layout_basic,
          chequers_ecumenical_altar_twisty, corexii_hall_statues_t,
          minmay_misc_feat_pillars
D:2:      layout_basic, minmay_quantized, uniq_robin, uniq_crazy_yiuf_cottage
D:3:      layout_loops_corners, old_standard_altar,
          mainiacjoe_overflow_boulevard, serial_shops, shop, uniq_natasha,
          uniq_jessica
D:4:      layout_basic, evilmike_ruin_ashenzari,
          nicolae_hepliaklqana_monster_ancestors, elyvilon_altar_4,
          kennysheep_mini, serial_shops,
          nicolae_shop_temple_entry_statues_fountains, nicolae_diamond_shop,
          shop, nicolae_square_shop, nicolae_take_the_stairs
D:5:      layout_rooms, makhleb_heckhound_becter, uniq_edmund
D:6:      layout_loops_ring, general_overflow_altar, temple_doors_e,
          serial_shops, nicolae_shop_waterfront, minivault_10, uniq_grinder
D:7:      cheibrodos_statue_roulette, layout_loops_corners,
          small_statue_intersection

Skill      XL: |  1  2  3  4  5  6  7  8 |
---------------+-------------------------+-----
Poison Magic   | 4 5 6 |  6.3
Conjurations   | 1 2 3 |  3.0
Air Magic      | 1 2 |  2.7
Shields        | 1 2 4 |  4.0
Invocations    | 4 6 |  6.4
Dodging        | |  2.4
Stealth        | |  2.4
Spellcasting   | |  3.0
Transmutations | |  1.1

Action                   |  1- 3 |  4- 6 |  7- 9 || total
-------------------------+-------+-------+-------++-------
Melee: Dagger            |     8 |       |       ||     8
       Long sword        |     2 |    25 |    12 ||    39
 Cast: Sting             |    41 |    64 |    69 ||   174
       Poisonous Vapours |    10 |    43 |    24 ||    77
       Olgreb's Toxic Ra |       |    10 |    15 ||    25
       Mephitic Cloud    |       |     4 |       ||     4
Evoke: Wand              |       |     7 |       ||     7
  Use: Scroll            |       |    10 |     5 ||    15
 Stab: Sleeping          |     3 |       |       ||     3
Armor: Leather armour    |     3 |     1 |       ||     4
       Animal skin       |       |    19 |     8 ||    27
Dodge: Dodged            |    11 |    28 |    26 ||    65
Block: Buckler           |       |    11 |     5 ||    16
       Rpst.: Long sword |       |     6 |     6 ||    12
